Map: 死亡光环-天梯版

Players

TIME (Oliveira) - Winner!

  • Race: Terran Terran

iGXY (XY)

  • Race: Terran Terran

Event: DreamHack SC2 Masters 2020 Winter

VOD

Have the link to the VOD?

Description

Time

  • Played on: Oct. 31, 2020, 10:30 a.m.
  • Length: 20:48

All games in this series

Show
View Real Time Build Order
Export as new Build Order

TIME Terran - Winner!

Build Orders: Reaper Expand 

Get SALT Encoding   

  12  0:00  SCV  
  13  0:12  SCV  
  14  0:18  Supply Depot  
  14  0:24  SCV  
  15  0:39  SCV  
  15  0:40  Barracks  
  16  0:45  Refinery  
  16  0:51  SCV  
  17  1:03  SCV  
  18  1:15  SCV  
  19  1:28  Orbital Command  
  19  1:29  Reaper  
  20  1:41  Command Center  
  20  1:51  Supply Depot  
  20  1:54  SCV  
  21  2:03  Marine  
  21  2:06  SCV  
  23  2:10  Factory  
  23  2:18  SCV, Refinery  
  24  2:25  Barracks Reactor  
  24  2:30  SCV  
  25  2:42  SCV  
  26  2:52  Orbital Command  
  26  2:54  SCV  
  26  2:55  Factory Tech Lab  
  27  3:04  Command Center  
  27  3:07  SCV  
  28  3:14  Cyclone  
  28  3:19  SCV x2  
  33  3:23  Starport  
  33  3:26  Marine  
  34  3:28  Marine  
  34  3:31  SCV  
  34  3:33  SCV  
  37  3:38  Refinery  
  37  3:42  Supply Depot  
  37  3:43  SCV  
  37  3:44  Marine  
  37  3:45  SCV  
  37  3:46  Marine  
  41  3:54  Cyclone  
  41  3:55  SCV  
  45  3:57  SCV  
  45  4:00  Starport Tech Lab  
  46  4:03  Marine  
  46  4:04  Marine  
  46  4:07  Supply Depot  
  46  4:08  SCV  
  49  4:15  SCV  
  50  4:17  Orbital Command  
  50  4:20  SCV, Raven  
  50  4:22  Marine  
  54  4:24  Marine  
  54  4:27  SCV  
  55  4:31  Siege Tank  
  45  4:39  Marine  
  45  4:42  Marine  
  45  4:45  SCV x3  
  37  4:57  SCV, Marine  
  35  5:00  Marine  
  35  5:03  Raven  
  35  5:05  SCV  
  33  5:10  SCV  
  33  5:15  Marine  
  33  5:18  Marine  
  33  5:19  SCV x2  
  37  5:22  SCV  
  38  5:29  Cyclone  
  38  5:31  SCV x2  
  38  5:33  Marine  
  44  5:35  Marine  
  44  5:37  SCV  
  46  5:43  SCV  
  46  5:46  Raven  
  46  5:47  SCV  
  46  5:49  SCV  
  51  5:52  Marine  
  51  5:53  Marine  
  51  5:55  SCV  
  54  5:59  SCV  
  54  6:01  SCV  
  54  6:02  Siege Tank  
  59  6:05  Supply Depot  
  59  6:07  SCV  
  59  6:10  Orbital Command  
  60  6:13  SCV  
  60  6:16  Marine x2  
  60  6:17  Barracks  
  63  6:18  Barracks  
  63  6:20  SCV  
  63  6:21  Refinery  
  64  6:26  SCV  
  64  6:32  SCV  
  66  6:37  Siege Tank  
  66  6:38  SCV  
  66  6:39  SCV  
  69  6:44  Viking, SCV, Engineering Bay x2  
  69  6:46  Viking  
  74  6:50  SCV, Stimpack  
  74  6:51  SCV, Marine  
  77  6:56  SCV  
  78  7:02  SCV  
  78  7:03  SCV  
  78  7:04  Supply Depot  
  78  7:08  SCV  
  81  7:09  Barracks Reactor x2  
  81  7:10  Siege Tank  
  81  7:14  SCV  
  81  7:15  SCV  
  85  7:25  Viking x2, SCV, Marine  
  85  7:28  SCV  
  92  7:31  SCV, Supply Depot  
  90  7:47  Siege Tank  
  90  7:48  SCV  
  90  7:49  Marine  
  90  7:50  SCV, Marine x2  
  93  7:52  SCV, Marine x2  
  93  7:55  Viking, Supply Depot  
  98  7:58  Viking  
  98  8:04  SCV  
  101  8:07  Marine  
  101  8:08  Marine  
  101  8:12  Marine x2  
  97  8:13  SCV, Marine  
  97  8:15  SCV  
  97  8:18  SCV  
  96  8:21  Siege Tank  
  96  8:23  Barracks  
  96  8:24  Barracks  
  96  8:25  Marine  
  96  8:26  SCV, Marine  
  100  8:27  SCV  
  100  8:29  Marine  
  100  8:30  Marine  
  100  8:31  Viking x2  
  100  8:33  SCV  
  108  8:35  Refinery  
  108  8:36  Refinery  
  108  8:38  SCV  
  108  8:39  SCV, Sensor Tower  
  108  8:42  Combat Shield, Marine  
  108  8:45  Armory  
  109  8:59  Supply Depot  
  109  9:01  Marine x2, Siege Tank  
  109  9:02  Command Center  
  114  9:05  Marine x2  
  116  9:12  Barracks Reactor  
  116  9:14  Barracks Reactor  
  116  9:19  Supply Depot  
  116  9:21  Viking x2  
  120  9:25  Marine x2  
  120  9:27  SCV x2  
  120  9:30  SCV  
  125  9:34  Terran Infantry Weapons Level 1, Terran Infantry Armor Level 1  
  125  9:36  Terran Vehicle Weapons Level 1, Supply Depot  
  125  9:38  Supply Depot  
  125  9:40  Marine x3, Siege Tank  
  125  9:42  Supply Depot  
  125  9:43  Marine  
  131  9:47  Marine  
  131  9:49  Marine  
  133  9:57  Medivac x2, Marine x3  
  133  9:58  SCV  
  142  10:00  SCV  
  142  10:01  Supply Depot, Marine  
  143  10:08  Factory  
  143  10:09  Marine x2  
  143  10:10  Marine x2  
  143  10:11  Barracks Reactor  
  147  10:18  Marine  
  148  10:23  Marine x2  
  148  10:24  Siege Tank  
  148  10:27  Marine x2  
  154  10:29  Marine  
  153  10:35  Marine  
  153  10:41  Marine x3  
  157  10:44  Planetary Fortress  
  157  10:45  SCV x3  
  157  10:47  Marine x2  
  157  10:48  Refinery x2, Marine  
  157  10:49  Supply Depot  
  163  10:50  Marine  
  163  10:54  Marine  
  135  11:07  Marine x2  
  135  11:08  Marine x2  
  135  11:09  Marine x3  
  135  11:10  Siege Tank x2  
  108  11:12  Medivac  
  108  11:13  Medivac  
  108  11:15  Orbital Command  
  108  11:16  Marine  
  112  11:18  SCV x2  
  112  11:21  Marine  
  113  11:28  Marine x3  
  113  11:29  Marine x2  
  113  11:30  Marine x2  
  117  11:32  SCV  
  117  11:33  SCV  
  117  11:34  SCV  
  117  11:39  Terran Infantry Weapons Level 2  
  119  11:42  Liberator x2  
  119  11:43  SCV  
  119  11:44  SCV, Terran Infantry Armor Level 2  
  119  11:47  SCV x2  
  128  11:49  Marine x2  
  128  11:50  Marine x2  
  133  11:55  SCV  
  133  11:56  Marine  
  133  11:57  SCV  
  133  11:59  SCV  
  140  12:01  SCV  
  140  12:03  Supply Depot x2, Terran Vehicle Weapons Level 2  
  140  12:05  Marine  
  140  12:08  SCV  
  140  12:12  Sensor Tower  
  140  12:19  Refinery  
  140  12:21  Supply Depot x2, Marine x6  
  140  12:22  SCV x2  
  148  12:25  Siege Tank x2  
  148  12:28  Medivac x2  
  148  12:29  Marine x2  
  158  12:30  Marine  
  158  12:31  SCV  
  158  12:33  SCV  
  158  12:36  Marine  
  163  12:39  Marine  
  163  12:42  Marine  
  163  12:44  Marine  
  166  12:45  Missile Turret  
  166  12:46  Supply Depot  
  166  12:47  Missile Turret  
  166  12:48  Starport  
  166  12:49  Starport  
  166  12:53  Marine x2  
  166  12:58  Viking x2  
  170  13:00  Sensor Tower  
  170  13:02  Marine  
  170  13:03  Marine x2  
  175  13:06  Marine  
  176  13:14  Marine x2  
  178  13:20  Marine  
  178  13:21  Marine  
  178  13:24  Marine  
  181  13:27  Marine  
  181  13:29  Starport Reactor, Starport Tech Lab  
  181  13:31  Armory  
  182  13:36  Command Center  
  182  13:39  Supply Depot x2  
  182  13:40  Marine  
  183  13:41  Marine  
  184  13:53  Marine  
  183  13:58  Viking x2, Raven  
  183  14:01  Corvid Reactor  
  183  14:02  Marine  
  187  14:03  Marine, Siege Tank  
  187  14:13  Marine x2  
  187  14:15  Marine x2  
  187  14:16  Viking  
  187  14:17  Viking, Terran Infantry Armor Level 3, Terran Infantry Weapons Level 3  
  169  14:18  Marine  
  169  14:21  Marine  
  169  14:23  Marine  
  162  14:25  Marine  
  162  14:26  Marine  
  162  14:29  Terran Ship Weapons Level 1, Terran Vehicle And Ship Armor Level 1  
  164  14:33  Marine  
  164  14:36  Marine x2  
  164  14:37  Viking  
  169  14:40  Viking  
  169  14:44  Marine x2  
  173  14:46  Marine  
  173  14:47  Marine  
  173  14:48  Viking  
  177  14:54  Fusion Core  
  177  14:55  Raven  
  177  14:57  Marine x2  
  181  15:06  Marine  
  182  15:11  Marine x2  
  182  15:12  Viking  
  186  15:15  Marine  
  186  15:21  Marine  
  187  15:23  Command Center  
  187  15:24  Viking  
  176  15:36  Marine x2  
  176  15:37  Viking  
  176  15:38  Viking  
  176  15:41  Marine  
  176  15:42  Advanced Ballistics  
  180  15:44  Marine  
  181  15:51  Marine  
  181  15:52  Marine x2  
  181  15:54  Planetary Fortress  
  181  15:56  Viking  
  188  15:57  Hellbat, Marine  
  188  15:58  Viking, Siege Tank  
  188  16:02  Marine  
  195  16:05  Marine  
  195  16:06  Marine  
  195  16:07  Viking  
  195  16:14  Marine  
  195  16:16  Viking x2  
  195  16:17  SCV x2  
  199  16:18  Hellbat  
  199  16:20  Marine  
  200  16:34  Missile Turret  
  200  16:39  Missile Turret  
  200  16:46  Refinery, Command Center  
  200  16:47  Refinery  
  200  17:05  Terran Ship Weapons Level 2  
  200  17:06  Terran Vehicle And Ship Armor Level 2, Starport x2  
  200  17:07  Starport  
  200  17:08  Orbital Command  
  200  17:35  Marine x2  
  200  17:36  Liberator x2  
  200  17:37  Raven  
  193  17:39  Marine  
  196  17:53  Liberator  
  196  17:54  Starport Tech Lab x2  
  199  18:01  Orbital Command, Marine  
  199  18:05  Starport Tech Lab  
  200  18:06  Sensor Tower  
  200  18:11  Missile Turret  
  200  18:12  Sensor Tower  
  200  18:20  Weapon Refit  
  198  18:36  Marine x2  
  197  18:45  Viking x2  
  197  18:47  Battlecruiser x2  
  195  18:48  Marine  
  193  18:56  Marine  
  193  18:58  Marine  
  195  19:04  Marine  
  195  19:07  Marine  
  197  19:11  Marine  
  197  19:15  Raven x2  
  197  19:16  Marine x2  
  194  19:20  Marine  
  186  19:25  Marine x2  
  186  19:26  Marine  
  186  19:27  Viking x3  
  195  19:31  Marine  
  195  19:33  Marine x2  
  195  19:36  Marine  
  199  19:40  Marine  
  200  19:55  Marine  
  192  20:01  Marine  
  192  20:03  Marine  
  192  20:06  Marine  
  194  20:12  Marine x2  
  187  20:17  Marine x3  
  193  20:21  Command Center x2  
  193  20:22  Marine  
  193  20:24  Unknown  
  193  20:26  Unknown, Marine  
Show
View Real Time Build Order
Export as new Build Order

iGXY Terran 

Build Orders: Gas First Reaper Expand, Hellion Opening 

Get SALT Encoding   

  12  0:00  SCV  
  13  0:12  SCV  
  14  0:17  Supply Depot  
  14  0:24  SCV  
  15  0:28  Refinery  
  15  0:38  SCV  
  16  0:43  Barracks  
  16  0:50  SCV  
  17  1:02  SCV  
  18  1:14  SCV  
  19  1:30  Reaper, Orbital Command  
  20  1:42  Command Center  
  20  1:54  Factory  
  20  1:58  SCV  
  21  2:05  Barracks Reactor  
  21  2:08  Supply Depot  
  21  2:11  SCV  
  22  2:17  Refinery  
  22  2:23  SCV  
  23  2:35  SCV  
  24  2:43  Starport  
  24  2:47  SCV, Hellion x2  
  29  2:54  Orbital Command  
  29  2:56  Barracks Tech Lab  
  29  3:08  Hellion x2  
  33  3:15  Marauder  
  35  3:21  Supply Depot  
  35  3:29  Medivac  
  35  3:30  Hellion x2  
  41  3:36  Marauder  
  41  3:39  Concussive Shells  
  43  3:41  SCV  
  43  3:42  SCV  
  43  3:44  Supply Depot  
  45  3:51  Hellion x2  
  45  3:54  SCV x2  
  51  4:06  SCV x2  
  51  4:08  Supply Depot  
  53  4:18  SCV  
  53  4:19  SCV  
  53  4:20  Factory Tech Lab  
  55  4:27  Raven  
  55  4:30  SCV  
  55  4:31  SCV  
  53  4:45  Siege Tank  
  52  4:48  SCV x2  
  52  4:50  Marine  
  52  4:51  Marine  
  56  4:53  Command Center  
  52  5:03  SCV  
  51  5:08  Marine x2  
  51  5:11  SCV  
  51  5:13  Refinery  
  47  5:14  Refinery  
  47  5:15  SCV  
  50  5:21  Siege Tank  
  50  5:23  SCV  
  50  5:27  SCV  
  53  5:31  Supply Depot x2  
  53  5:35  SCV  
  54  5:36  Viking x2  
  54  5:38  Marine  
  54  5:39  SCV  
  60  5:44  Barracks  
  60  5:45  Barracks  
  60  5:47  SCV  
  61  5:51  SCV  
  61  5:54  Siege Tank  
  61  5:56  Marine  
  66  5:59  SCV  
  66  6:03  SCV  
  68  6:06  Viking x2  
  72  6:11  SCV  
  72  6:12  Stimpack  
  72  6:14  Marine  
  72  6:16  SCV  
  72  6:18  Engineering Bay  
  75  6:19  Engineering Bay  
  75  6:23  SCV  
  75  6:24  Orbital Command  
  76  6:26  Siege Tank  
  76  6:28  SCV  
  75  6:35  SCV  
  76  6:40  SCV  
  76  6:42  Viking  
  79  6:49  SCV x2  
  79  6:52  SCV  
  82  7:00  Siege Tank  
  82  7:01  SCV  
  86  7:02  SCV  
  86  7:04  SCV  
  86  7:08  Barracks Reactor  
  89  7:09  Barracks Reactor  
  89  7:13  SCV  
  89  7:14  SCV  
  90  7:16  SCV  
  90  7:25  SCV  
  90  7:26  Viking  
  90  7:28  SCV, Marine  
  95  7:32  Siege Tank  
  95  7:34  SCV  
  99  7:38  SCV  
  99  7:40  SCV  
  99  7:46  Marine  
  99  7:49  Viking  
  100  7:52  Marine  
  100  7:55  Barracks  
  100  7:56  Supply Depot, Barracks  
  101  8:05  Viking  
  101  8:09  SCV, Marine  
  101  8:10  Marine x3  
  101  8:12  Marine, Siege Tank  
  93  8:21  SCV  
  93  8:25  SCV  
  93  8:26  SCV  
  94  8:27  Marine  
  94  8:28  Terran Infantry Weapons Level 1, Marine x3  
  94  8:29  Marine, Terran Infantry Armor Level 1  
  94  8:33  Refinery  
  100  8:34  SCV  
  100  8:35  Refinery  
  96  8:41  Medivac x2  
  96  8:44  Siege Tank  
  96  8:45  Marine x2  
  96  8:46  Marine x2  
  96  8:47  Command Center, Marine  
  109  8:50  Barracks Reactor  
  109  8:51  Barracks Reactor  
  109  8:54  Supply Depot  
  109  8:55  Supply Depot  
  108  9:00  Supply Depot  
  108  9:01  Combat Shield  
  108  9:02  Marine  
  108  9:03  Marine x2  
  108  9:04  Marine  
  108  9:05  SCV x3, Marine  
  108  9:06  Refinery  
  116  9:16  Armory  
  116  9:17  Supply Depot x2  
  116  9:20  Marine  
  116  9:21  Marine x2, Siege Tank  
  116  9:22  Marine  
  116  9:23  Marine  
  124  9:28  Marine x2  
  124  9:29  Marine, Sensor Tower  
  127  9:34  Marine  
  127  9:38  Refinery, Marine  
  128  9:39  Marine x3  
  128  9:41  Marine  
  128  9:43  Medivac  
  134  9:46  Medivac, Marine x3  
  134  9:47  Sensor Tower  
  134  9:48  SCV x3  
  134  9:52  Marine  
  142  9:54  Siege Tank  
  142  9:56  Marine  
  142  9:57  Marine x3  
  142  9:58  Marine  
  150  10:00  SCV  
  150  10:04  Marine x2  
  150  10:06  Planetary Fortress  
  153  10:08  Factory, Marine  
  153  10:09  Marine  
  153  10:14  Marine  
  155  10:15  Marine x2  
  155  10:16  Marine  
  158  10:22  Marine x2  
  158  10:25  SCV x3  
  158  10:26  Marine  
  158  10:27  Terran Infantry Armor Level 2, Marine, Terran Infantry Weapons Level 2  
  165  10:32  Marine  
  165  10:33  Marine  
  165  10:35  Barracks Reactor  
  166  10:39  Marine  
  166  10:40  Marine x2  
  166  10:41  Viking  
  171  10:44  Supply Depot, Marine  
  171  10:45  Supply Depot x3  
  171  10:52  Starport  
  171  10:53  Starport  
  171  10:56  Viking  
  160  11:07  Marine x8  
  146  11:12  Marine x2, Siege Tank  
  144  11:19  Siege Tank  
  144  11:20  Viking  
  144  11:25  Marine x7  
  151  11:31  Marine x3  
  137  11:34  Viking  
  137  11:36  Starport Reactor  
  137  11:37  Starport Reactor  
  138  11:42  Marine  
  138  11:43  Terran Vehicle Weapons Level 1, Marine x3  
  138  11:44  Marine x2, Siege Tank  
  138  11:45  Marine  
  138  11:46  SCV x2  
  150  11:51  Siege Tank  
  150  11:53  Marine x2  
  156  12:00  Marine  
  156  12:01  Marine x2  
  159  12:02  Viking  
  159  12:06  Fusion Core  
  160  12:16  Siege Tank  
  160  12:17  Marine  
  160  12:18  Marine x5  
  160  12:21  Command Center  
  160  12:22  Viking  
  171  12:23  Siege Tank  
  171  12:26  Marine x2  
  171  12:27  Marine  
  177  12:32  Viking x3  
  183  12:37  Viking  
  183  12:38  Viking  
  187  12:45  Terran Infantry Weapons Level 3  
  187  12:47  Terran Infantry Armor Level 3  
  187  12:57  Advanced Ballistics  
  187  12:58  Liberator  
  187  13:00  Marine x5  
  187  13:02  Liberator  
  198  13:16  Viking  
  200  13:20  Armory  
  200  13:33  Command Center  
  200  13:37  Planetary Fortress, Terran Vehicle And Ship Armor Level 1  
  200  13:41  Sensor Tower  
  200  13:46  Siege Tank  
  200  13:48  Marine x2  
  200  13:52  Marine x3  
  200  13:54  Marine  
  200  13:59  Factory  
  200  14:00  Factory  
  200  14:07  Command Center  
  187  14:15  Viking x3, Liberator  
  174  14:18  Command Center  
  174  14:21  Marine x4  
  174  14:22  Marine  
  171  14:26  Viking  
  171  14:27  Terran Ship Weapons Level 1  
  172  14:35  Supply Depot  
  172  14:38  Siege Tank  
  172  14:41  Barracks Reactor  
  172  14:42  Barracks Reactor, Factory  
  172  14:45  Viking x2  
  179  14:49  Marine x2  
  183  14:53  Starport Reactor  
  181  15:05  Planetary Fortress  
  181  15:06  Command Center  
  181  15:07  Missile Turret  
  181  15:16  Command Center  
  181  15:28  Missile Turret  
  179  15:29  Missile Turret  
  179  15:30  Viking  
  167  15:35  Viking  
  167  15:36  Viking x2  
  167  15:42  Factory Tech Lab x2  
  174  15:44  Marine  
  174  15:45  Marine  
  174  15:47  Missile Turret  
  174  15:48  SCV  
  174  15:49  SCV, Marine x2  
  178  15:59  Orbital Command  
  178  16:00  SCV  
  178  16:01  SCV  
  172  16:12  Marine x2  
  172  16:13  SCV x2  
  172  16:18  Barracks Reactor  
  173  16:19  Orbital Command  
  173  16:22  Factory Tech Lab  
  173  16:24  Terran Ship Weapons Level 2  
  173  16:25  SCV x2  
  175  16:26  Starport x2  
  175  16:33  SCV  
  175  16:34  Orbital Command  
  175  16:37  SCV x2, Viking x2  
  182  16:45  SCV  
  183  16:49  SCV  
  183  16:52  Missile Turret  
  183  16:53  Missile Turret  
  184  16:55  Missile Turret  
  184  17:00  Terran Vehicle And Ship Armor Level 2  
  184  17:13  Starport Tech Lab x2  
  184  17:17  Missile Turret  
  184  17:22  Viking x2  
  188  17:26  Unknown  
  188  17:27  Unknown  
  188  17:28  Missile Turret  
  188  17:29  Missile Turret  
  188  17:33  Viking  
  188  17:34  Viking  
  188  17:37  Siege Tank x2  
  185  17:46  Command Center  
  185  17:47  Orbital Command  
  185  17:50  Refinery x2  
  185  17:55  Viking  
  185  17:57  Weapon Refit  
  186  18:04  Battlecruiser, Missile Turret  
  192  18:06  Missile Turret  
  192  18:08  Viking  
  192  18:10  Battlecruiser  
  200  18:19  Hi-Sec Auto Tracking, Neosteel Armor  
  197  18:30  SCV  
  197  18:31  Command Center  
  189  18:42  SCV  
  189  18:46  Viking x2  
  189  18:47  Starport x2  
  180  19:08  Viking  
  181  19:11  Marine x5, Sensor Tower, Siege Tank  
  181  19:12  Marine  
  181  19:14  Barracks Reactor, Viking  
  187  19:19  Barracks Reactor  
  187  19:20  SCV x2  
  187  19:23  SCV  
  184  19:29  Marine  
  173  19:33  Viking x2  
  173  19:34  Siege Tank x2  
  173  19:38  Battlecruiser  
  190  19:51  Orbital Command  
  183  19:56  Marine x2, Siege Tank  
  183  19:57  Marine x4  
  176  20:09  Marine x2  
  176  20:10  Siege Tank  
  153  20:14  Marine x3  
  153  20:16  Marine x3  
  113  20:27  Marine x2  
Tags
 
Add a new tag
Caveats
  • Supply blocks, unpowered buildings, or Contaminate may cause inaccurate times.
  • Supply counts are checked every 10 seconds.